 Dungeon Crawl Stone Soup version 0.29.0-4-gdea44cf6ec (webtiles) character file.

Game seed: 9667119550347870649

11811 qw the Grappler (level 11, -1/102 HPs)
             Began as a Troll Cinder Acolyte on Aug 31, 2022.
             Was an Initiate of Okawaru.
             Slain by a ten-headed hydra (3 damage)
             ... on level 1 of the Lair of Beasts.
             The game lasted 00:05:30 (7968 turns).

qw the Grappler (Troll Cinder Acolyte)              Turns: 7968, Time: 00:05:30

Health: -1/102     AC: 13    Str: 28      XL:     11   Next: 54%
Magic:  11/11      EV:  8    Int: 19      God:    Okawaru [......]
Gold:   562        SH: 14    Dex:  2 (3)  Spells: 12/12 levels left

rFire   . . .      SeeInvis .     - Unarmed
rCold   + . .      Faith    .   b - +1 kite shield "Agownosk" {rPois Regen+ Int+9 Dex-2}
rNeg    . . .      Spirit   .   t - +2 robe {rC+ rF+}
rPois   +          Reflect  +   (helmet restricted)
rElec   .          Harm     .   f - +2 cloak
rCorr   .          Rampage  .   (gloves unavailable)
Will    .....                   (boots unavailable)
Stlth   +.........              u - amulet of reflection
HPRegen 1.87/turn               d - +4 ring of protection
MPRegen 0.12/turn               (no ring)

@: about to teleport, fire susceptible
A: large, unfitting armour, claws 3, regeneration 1, shaggy fur 1, tough skin 1,
hooves 1, deterioration 1
a: Renounce Religion


You were on level 1 of the Lair of Beasts.
You worshipped Okawaru.
Okawaru was noncommittal.
You visited 2 branches of the dungeon, and saw 11 of its levels.

You collected 562 gold pieces.


Innate Abilities, Weirdness & Mutations

You are too large for most types of armour.
You have claws for hands.
Your natural rate of healing is unusually fast.
You are covered in fur. (AC +1)
You have tough skin. (AC +1)
You have large cloven feet.
Your body sometimes deteriorates upon taking damage.


   Skills:
 - Level 5.1 Fighting
 - Level 5.0 Throwing
 - Level 1.1 Armour
 - Level 1.7 Dodging
 + Level 9.4 Shields
 - Level 13.2 Unarmed Combat
 - Level 1.0 Spellcasting
 - Level 2.1 Fire Magic


You had 12 spell levels left.
You didn't know any spells.
Your spell library contained the following spells:

 Spells                   Type           Power      Damage    Failure   Level
 Scorch                   Fire           18%        2d6       22%         2

Inventory:

Missiles
 j - 3 boomerangs (quivered)
Armour
 b - the +1 kite shield "Agownosk" (worn) {rPois Regen+ Int+9 Dex-2}
   (You acquired it on level 6 of the Dungeon)

   Int:       It affects your intelligence (+9).
   Dex:       It affects your dexterity (-2).
   rPois:     It protects you from poison.
   Regen:     It increases your rate of health regeneration.
 f - a +2 cloak (worn)
 g - +0 acid dragon scales
 t - a +2 robe of resistance (worn)
Jewellery
 d - a +4 ring of protection (left claw)
 k - a +4 ring of evasion
 r - a ring of ice
 u - an amulet of reflection (around neck)
Scrolls
 h - a scroll of identify
 n - a scroll of teleportation
 p - a scroll of enchant armour
Potions
 a - 2 potions of haste
 c - 2 potions of resistance
 e - a potion of curing
 i - a potion of mutation

Dungeon Overview and Level Annotations

Branches:
Dungeon (10/15)            Temple (0/1) D:6            Lair (1/5) D:10
    Orc (0/2) D:9

Altars:
Cheibriados
Fedhas
Gozag
Hepliaklqana
Kikubaaqudgha
Makhleb
Okawaru
Ru
Uskayaw
Wu Jian
The Shining One

Shops:
D:9 :


Message History

The seven-headed hydra grows two more!
You claw the nine-headed hydra!
The nine-headed hydra is moderately wounded.
You block the nine-headed hydra's attack.
The nine-headed hydra bites you.
You block the nine-headed hydra's attack.
The nine-headed hydra barely misses you.
The nine-headed hydra bites you but does no damage.
You block the nine-headed hydra's attack.
The nine-headed hydra bites you.
You block the nine-headed hydra's attack.
The nine-headed hydra bites you!
You tear one of the nine-headed hydra's heads off!
The eight-headed hydra grows two more!
You mangle the ten-headed hydra!!
The ten-headed hydra is heavily wounded.
The ten-headed hydra bites you but does no damage.
You block the ten-headed hydra's attack. x3
The ten-headed hydra barely misses you. The ten-headed hydra bites you!
The ten-headed hydra bites you but does no damage. x3
The ten-headed hydra closely misses you.
You completely miss the ten-headed hydra.
You kick the ten-headed hydra.
The ten-headed hydra is heavily wounded.
The ten-headed hydra bites you!
You block the ten-headed hydra's attack.
The ten-headed hydra bites you! The ten-headed hydra barely misses you.
The ten-headed hydra bites you!
Your body deteriorates!
You feel clumsy.
You block the ten-headed hydra's attack.
The ten-headed hydra barely misses you.
The ten-headed hydra bites you but does no damage. x2
The ten-headed hydra bites you!
7968 ||| READING 2 scrolls of teleportation.
As you read the scroll of teleportation, it crumbles to dust.
You feel strangely unstable. You block the komodo dragon's attack.
The ten-headed hydra completely misses you.
You block the ten-headed hydra's attack. x2
The ten-headed hydra bites you. The ten-headed hydra barely misses you.
The ten-headed hydra bites you.
You die...

## #..>.
###P##... P
#....#...
.. .......
... ......
....
#...##.....
#..Dl..#
#..@$..#
#.......#
#..##.#.#
.... #. #
#.... ..
...## #..
..# #.. ..
...


You could see a ten-headed hydra and a komodo dragon.

Vanquished Creatures
  A hydra (D:7)
  A boulder beetle (D:7)
  A two-headed ogre (D:10)
  A skeletal warrior (D:7)
  Pikel (D:7)
  A cyclops (D:9)
  A kobold demonologist (D:7)
  2 trolls (D:9)
  Prince Ribbit (D:7)
  A wyvern (D:8)
  5 yaks
  Grum (D:8)
  2 vampire mosquitoes (D:7)
  Menkaure (D:7)
  A steam dragon (D:8)
  Duvessa (D:6)
  2 acid dragons
  3 water moccasins (D:10)
  5 sky beasts
  5 orc warriors
  3 black bears
  2 ice beasts (D:7)
  2 wolves (D:8)
  2 ogres (D:7)
  2 centaurs
  3 phantoms
  2 lemures (D:7)
  3 kobold brigands
  8 bullfrogs
  3 necrophages
  3 gnoll sergeants
  6 scorpions
  A wight (D:7)
  Dowan (D:6)
  9 killer bees
  2 howler monkeys
  A jelly (D:4)
  6 hounds
  6 orc priests
  3 gnoll boudas
  3 iguanas
  20 orc wizards
  A hound skeleton (D:7)
  Robin (D:2)
  15 gnolls
  4 adders
  A shadow imp (D:7)
  A worm (D:3)
  4 dart slugs
  33 orcs
  3 endoplasms
  4 giant cockroaches
  18 goblins
  11 hobgoblins
  4 jackals
  3 quokkas
  12 ball pythons
  2 bats
  3 frilled lizards
  14 kobolds
  2 rats (D:1)
264 creatures vanquished.

Vanquished Creatures (others)
  Psyche (D:8)
  A gnoll (D:8)
  26 fungi
  38 plants (D:10)
66 creatures vanquished.

Grand Total: 330 creatures vanquished

Notes
Turn   | Place    | Note
-------+----------+-------------------------------------------
     0 | D:1      | qw the Troll Cinder Acolyte began the quest for the Orb.
     0 | D:1      | Reached XP level 1. HP: 22/22 MP: 1/1
     0 | D:1      | 0 ||| qw: Version: 0.1-a-97-g2dd2ca4
     0 | D:1      | 0 ||| qw: Game counter: 4577
     0 | D:1      | 0 ||| qw: Always use a shield: true
     0 | D:1      | 0 ||| qw: God list: Okawaru
     0 | D:1      | 0 ||| qw: Allow faded altars: false
     0 | D:1      | 0 ||| qw: Do Orc after D:15 true
     0 | D:1      | 0 ||| qw: Do second Lair branch before Depths: true
     0 | D:1      | 0 ||| qw: Lair rune preference: random
     0 | D:1      | 0 ||| qw: Plans: Normal
     0 | D:1      | 0 ||| PLANNING D:1-11
    21 | D:1      | 21 ||| Stepping ~*~*~tactically~*~*~ (hiding).
    70 | D:1      | 70 ||| Stepping ~*~*~tactically~*~*~ (stealth).
    75 | D:1      | Reached XP level 2. HP: 29/29 MP: 2/2
   112 | D:1      | 112 ||| Stepping ~*~*~tactically~*~*~ (stealth).
   114 | D:1      | 114 ||| Stepping ~*~*~tactically~*~*~ (stealth).
   282 | D:1      | 282 ||| Stepping ~*~*~tactically~*~*~ (outnumbered).
   325 | D:1      | Reached skill level 4 in Unarmed Combat
   405 | D:1      | Found a faded altar of an unknown god.
   563 | D:1      | 563 ||| UPGRADING to +4 ring of protection.
   564 | D:1      | 564 ||| READING scroll labelled YHAPSO LI NOTZ.
   565 | D:1      | 565 ||| READING 2 scrolls labelled GAIHOSHRAJA.
   566 | D:1      | 566 ||| READING scroll labelled SIJOKKO LINAEM.
   567 | D:1      | 567 ||| DROPPING scroll of blinking.
   634 | D:2      | Reached XP level 3. HP: 34/36 MP: 3/3
   796 | D:2      | 796 ||| Stepping ~*~*~tactically~*~*~ (stealth).
   802 | D:2      | 802 ||| Stepping ~*~*~tactically~*~*~ (stealth).
   807 | D:2      | Noticed Robin
   808 | D:2      | 808 ||| Stepping ~*~*~tactically~*~*~ (hiding).
   812 | D:2      | 812 ||| Stepping ~*~*~tactically~*~*~ (hiding).
   819 | D:2      | Killed Robin
   820 | D:2      | 820 ||| Stepping ~*~*~tactically~*~*~ (outnumbered).
  1335 | D:2      | 1335 ||| READING scroll labelled VIDIHA YMAOM.
  1336 | D:2      | 1336 ||| READING scroll labelled WEQINO COSHO.
  1339 | D:2      | 1339 ||| READING scroll labelled JIURIA XUKKYUX.
  1340 | D:2      | 1340 ||| READING scroll labelled GEIDIANUUH.
  1341 | D:2      | 1341 ||| READING scroll labelled QAKOLY OTAUDUM.
  1342 | D:2      | 1342 ||| READING scroll labelled GIPLITHRUSI.
  1367 | D:3      | 1367 ||| INVOKING Fiery Armour.
  1373 | D:3      | 1373 ||| Stepping ~*~*~tactically~*~*~ (outnumbered).
  1374 | D:3      | 1374 ||| Stepping ~*~*~tactically~*~*~ (outnumbered).
  1375 | D:3      | Reached XP level 4. HP: 44/44 MP: 4/4
  1375 | D:3      | 1375 ||| Stepping ~*~*~tactically~*~*~ (outnumbered).
  1379 | D:3      | 1379 ||| Stepping ~*~*~tactically~*~*~ (outnumbered).
  1380 | D:3      | Reached skill level 5 in Unarmed Combat
  1387 | D:3      | You fall into a shaft and drop 1 floor!
  1406 | D:4      | Noticed a scorpion
  1412 | D:4      | Killed a scorpion
  1442 | D:4      | 1442 ||| Stepping ~*~*~tactically~*~*~ (outnumbered).
  1443 | D:4      | 1443 ||| Stepping ~*~*~tactically~*~*~ (outnumbered).
  1444 | D:4      | 1444 ||| Stepping ~*~*~tactically~*~*~ (outnumbered).
  1445 | D:4      | Reached skill level 6 in Unarmed Combat
  1445 | D:4      | Reached XP level 5. HP: 50/50 MP: 5/5
  1446 | D:4      | 1446 ||| Stepping ~*~*~tactically~*~*~ (outnumbered).
  1473 | D:4      | Identified the +5 spear of Excruciating Pain {vorpal, rC+
                  | rCorr Str+3}
  1475 | D:4      | 1475 ||| Stepping ~*~*~tactically~*~*~ (hiding).
  1479 | D:4      | Noticed a phantom
  1486 | D:4      | Noticed a phantom
  1490 | D:4      | Killed a phantom
  1491 | D:4      | Reached XP level 6. HP: 39/59 MP: 6/6
  1498 | D:4      | Reached skill level 7 in Unarmed Combat
  1513 | D:4      | Found an iron altar of Okawaru.
  1523 | D:4      | Found a sacrificial altar of Ru.
  1527 | D:4      | Found an ancient bone altar of Kikubaaqudgha.
  1777 | D:4      | 1777 ||| Stepping ~*~*~tactically~*~*~ (outnumbered).
  1884 | D:4      | 1884 ||| READING 3 scrolls of identify.
  1884 | D:4      | 1884 ||| IDENTIFYING sedimented purple potion
  1885 | D:4      | 1885 ||| READING 2 scrolls of identify.
  1885 | D:4      | 1885 ||| IDENTIFYING blue potion
  1886 | D:4      | 1886 ||| DROPPING potion of invisibility.
  1899 | D:3      | 1899 ||| Stepping ~*~*~tactically~*~*~ (outnumbered).
  1900 | D:3      | 1900 ||| Stepping ~*~*~tactically~*~*~ (outnumbered).
  2020 | D:3      | 2020 ||| Stepping ~*~*~tactically~*~*~ (stealth).
  2033 | D:3      | 2033 ||| FLEEEEING.
  2088 | D:3      | Found an ornate altar of the Wu Jian Council.
  2090 | D:3      | 2090 ||| UPGRADING to +0 kite shield.
  2095 | D:3      | 2095 ||| READING 2 scrolls of identify.
  2095 | D:3      | 2095 ||| IDENTIFYING murky sapphire potion
  2096 | D:3      | 2096 ||| DROPPING potion of brilliance.
  2097 | D:3      | 2097 ||| READING scroll of teleportation.
  2381 | D:4      | 2381 ||| Stepping ~*~*~tactically~*~*~ (stealth).
  2384 | D:4      | 2384 ||| Stepping ~*~*~tactically~*~*~ (stealth).
  2389 | D:4      | 2389 ||| Stepping ~*~*~tactically~*~*~ (hiding).
  2513 | D:4      | Found an opulent altar of Gozag.
  2696 | D:4      | 2696 ||| READING scroll labelled ASONKO UWKEOS.
  2738 | D:4      | 2738 ||| Stepping randomly (stuck).
  2752 | D:5      | Entered Level 5 of the Dungeon
  2829 | D:5      | Reached XP level 7. HP: 63/66 MP: 7/7
  2832 | D:5      | Reached skill level 3 in Shields
  2832 | D:5      | 2832 ||| Stepping ~*~*~tactically~*~*~ (hiding).
  3344 | D:5      | Found a snail-covered altar of Cheibriados.
  3437 | D:4      | 3437 ||| READING 2 scrolls of teleportation.
  3623 | D:6      | Noticed Duvessa
  3623 | D:6      | Noticed Dowan
  3624 | D:6      | 3624 ||| INVOKING Fiery Armour.
  3637 | D:6      | Killed Duvessa
  3644 | D:6      | Killed Dowan
  3693 | D:6      | 3693 ||| Stepping ~*~*~tactically~*~*~ (hiding).
  3694 | D:6      | 3694 ||| Stepping ~*~*~tactically~*~*~ (hiding).
  3710 | D:6      | Found a staircase to the Ecumenical Temple.
  3753 | D:6      | 3753 ||| Stepping ~*~*~tactically~*~*~ (hiding).
  3754 | D:6      | 3754 ||| Stepping ~*~*~tactically~*~*~ (hiding).
  3778 | D:6      | Identified the +3 short sword of the Throat {elec, *Rage
                  | Int+4 Dex+7}
  3802 | D:6      | Reached XP level 8. HP: 59/74 MP: 8/8
  3938 | D:6      | Reached skill level 6 in Shields
  3983 | D:6      | 3983 ||| Stepping ~*~*~tactically~*~*~ (outnumbered).
  3985 | D:6      | 3985 ||| Stepping ~*~*~tactically~*~*~ (outnumbered).
  3986 | D:6      | 3986 ||| Stepping ~*~*~tactically~*~*~ (outnumbered).
  3987 | D:6      | 3987 ||| Stepping ~*~*~tactically~*~*~ (outnumbered).
  3988 | D:6      | 3988 ||| Stepping ~*~*~tactically~*~*~ (outnumbered).
  3989 | D:6      | 3989 ||| Stepping ~*~*~tactically~*~*~ (outnumbered).
  3990 | D:6      | 3990 ||| Stepping ~*~*~tactically~*~*~ (outnumbered).
  3991 | D:6      | 3991 ||| Stepping ~*~*~tactically~*~*~ (outnumbered).
  3992 | D:6      | 3992 ||| Stepping ~*~*~tactically~*~*~ (outnumbered).
  3993 | D:6      | 3993 ||| Stepping ~*~*~tactically~*~*~ (outnumbered).
  3994 | D:6      | 3994 ||| Stepping ~*~*~tactically~*~*~ (outnumbered).
  4092 | D:6      | Found a hazy altar of Hepliaklqana.
  4157 | D:6      | 4157 ||| Stepping ~*~*~tactically~*~*~ (outnumbered).
  4186 | D:6      | Reached skill level 8 in Unarmed Combat
  4186 | D:6      | 4186 ||| INVOKING Fiery Armour.
  4202 | D:6      | 4202 ||| FLEEEEING.
  4261 | D:6      | Reached skill level 3 in Fighting
  4479 | D:6      | 4479 ||| UPGRADING to +2 robe of fire resistance.
  4489 | D:6      | 4489 ||| DROPPING +0 robe.
  4490 | D:6      | 4490 ||| DRINKING 2 murky orange potions.
  4516 | D:7      | Reached skill level 9 in Unarmed Combat
  4557 | D:7      | Found a glowing golden altar of the Shining One.
  4559 | D:7      | Noticed Pikel
  4563 | D:7      | 4563 ||| Stepping ~*~*~tactically~*~*~ (outnumbered).
  4564 | D:7      | 4564 ||| Stepping ~*~*~tactically~*~*~ (outnumbered).
  4565 | D:7      | 4565 ||| INVOKING Fiery Armour.
  4567 | D:7      | 4567 ||| Stepping ~*~*~tactically~*~*~ (outnumbered).
  4575 | D:7      | 4575 ||| Stepping ~*~*~tactically~*~*~ (outnumbered).
  4579 | D:7      | 4579 ||| Stepping ~*~*~tactically~*~*~ (outnumbered).
  4582 | D:7      | Killed Pikel
  4583 | D:7      | Reached skill level 3 in Throwing
  4583 | D:7      | Reached XP level 9. HP: 78/83 MP: 9/9
  4680 | D:7      | 4680 ||| Stepping ~*~*~tactically~*~*~ (hiding).
  4687 | D:7      | 4687 ||| Stepping ~*~*~tactically~*~*~ (outnumbered).
  4702 | D:7      | Found the +2 Maxwell's thermic engine {flame, freeze}
  4703 | D:7      | 4703 ||| Stepping ~*~*~tactically~*~*~ (stealth).
  4733 | D:7      | Noticed a boulder beetle
  4734 | D:7      | 4734 ||| INVOKING Fiery Armour.
  4740 | D:7      | Reached skill level 1 in Dodging
  4740 | D:7      | Noticed a skeletal warrior
  4741 | D:7      | Noticed an eight-headed hydra
  4742 | D:7      | 4742 ||| Stepping ~*~*~tactically~*~*~ (outnumbered).
  4743 | D:7      | 4743 ||| Stepping ~*~*~tactically~*~*~ (outnumbered).
  4746 | D:7      | Noticed a kobold demonologist
  4748 | D:7      | Noticed a soul eater
  4751 | D:7      | HP: 8/83 [skeletal warrior/+2 falchion of flaming (15)]
  4752 | D:7      | 4752 ||| READING 3 scrolls of teleportation.
  4753 | D:7      | 4753 ||| DRINKING 2 potions of heal wounds.
  4755 | D:7      | 4755 ||| Stepping ~*~*~tactically~*~*~ (outnumbered).
  4756 | D:7      | 4756 ||| DRINKING potion of heal wounds.
  4772 | D:7      | 4772 ||| FLEEEEING.
  4773 | D:7      | 4773 ||| FLEEEEING.
  4774 | D:7      | 4774 ||| FLEEEEING.
  4775 | D:7      | 4775 ||| FLEEEEING.
  4777 | D:7      | 4777 ||| STAIRDANCE
  4803 | D:6      | 4803 ||| READING scroll labelled INAECA PEKIJEM.
  4803 | D:6      | Identified a scroll of acquirement
  4803 | D:6      | 4803 ||| ACQUIRING +1 kite shield "Agownosk" {rPois Regen+
                  | Int+9 Dex-2}
  4803 | D:6      | Acquired the +1 kite shield "Agownosk" {rPois Regen+ Int+9
                  | Dex-2}
  4805 | D:6      | 4805 ||| UPGRADING to +1 kite shield "Agownosk" {rPois
                  | Regen+ Int+9 Dex-2}.
  4815 | D:6      | 4815 ||| DROPPING +0 kite shield.
  4816 | D:6      | 4816 ||| READING 2 scrolls of identify.
  4816 | D:6      | 4816 ||| IDENTIFYING coppery potion
  4819 | D:7      | 4819 ||| STAIRDANCE
  4839 | D:7      | Found an ancient bone altar of Kikubaaqudgha.
  4872 | D:7      | Noticed Menkaure
  4874 | D:7      | 4874 ||| FLEEEEING.
  4875 | D:7      | 4875 ||| FLEEEEING.
  4876 | D:7      | 4876 ||| FLEEEEING.
  4877 | D:7      | 4877 ||| FLEEEEING.
  4878 | D:7      | 4878 ||| FLEEEEING.
  4879 | D:7      | 4879 ||| FLEEEEING.
  4880 | D:7      | 4880 ||| FLEEEEING.
  4882 | D:7      | 4882 ||| Stepping ~*~*~tactically~*~*~ (stealth).
  4884 | D:7      | 4884 ||| INVOKING Fiery Armour.
  4888 | D:7      | Killed Menkaure
  4922 | D:7      | Noticed Prince Ribbit
  4931 | D:7      | Killed Prince Ribbit
  4932 | D:7      | Reached skill level 10 in Unarmed Combat
  4988 | D:7      | Found a burning altar of Makhleb.
  5018 | D:7      | 5018 ||| INVOKING Fiery Armour.
  5024 | D:7      | 5024 ||| Stepping ~*~*~tactically~*~*~ (outnumbered).
  5027 | D:7      | 5027 ||| Stepping ~*~*~tactically~*~*~ (outnumbered).
  5170 | D:7      | Reached XP level 10. HP: 88/91 MP: 10/10
  5196 | D:7      | 5196 ||| Stepping ~*~*~tactically~*~*~ (hiding).
  5201 | D:7      | 5201 ||| READING 2 scrolls of teleportation.
  5202 | D:7      | 5202 ||| INVOKING Fiery Armour.
  5237 | D:7      | 5237 ||| Stepping ~*~*~tactically~*~*~ (stealth).
  5313 | D:7      | 5313 ||| Stepping ~*~*~tactically~*~*~ (hiding).
  5314 | D:7      | 5314 ||| Stepping ~*~*~tactically~*~*~ (hiding).
  5315 | D:7      | 5315 ||| Stepping ~*~*~tactically~*~*~ (hiding).
  5317 | D:7      | 5317 ||| Stepping ~*~*~tactically~*~*~ (hiding).
  5459 | D:7      | 5459 ||| Stepping ~*~*~tactically~*~*~ (hiding).
  5585 | D:7      | 5585 ||| INVOKING Fiery Armour.
  5589 | D:7      | Killed a ten-headed hydra
  5590 | D:7      | Reached skill level 11 in Unarmed Combat
  5621 | D:7      | 5621 ||| Stepping ~*~*~tactically~*~*~ (stealth).
  5622 | D:7      | 5622 ||| Stepping ~*~*~tactically~*~*~ (hiding).
  5631 | D:7      | 5631 ||| Stepping ~*~*~tactically~*~*~ (outnumbered).
  5642 | D:7      | 5642 ||| Stepping ~*~*~tactically~*~*~ (stealth).
  5649 | D:7      | Killed a boulder beetle
  5691 | D:7      | 5691 ||| Stepping ~*~*~tactically~*~*~ (stealth).
  5708 | D:7      | 5708 ||| FLEEEEING.
  5715 | D:7      | Reached skill level 9 in Shields
  5729 | D:7      | 5729 ||| Stepping ~*~*~tactically~*~*~ (hiding).
  5740 | D:7      | 5740 ||| Stepping ~*~*~tactically~*~*~ (stealth).
  5741 | D:7      | 5741 ||| FLEEEEING.
  5742 | D:7      | 5742 ||| DRINKING 3 potions of curing.
  5742 | D:7      | 5742 ||| (to cure confusion)
  5827 | D:7      | Killed a skeletal warrior
  6064 | D:7      | 6064 ||| Stepping ~*~*~tactically~*~*~ (hiding).
  6107 | D:7      | 6107 ||| UPGRADING to amulet of regeneration.
  6114 | D:7      | Reached skill level 12 in Unarmed Combat
  6114 | D:7      | 6114 ||| DRINKING 2 murky emerald potions.
  6215 | D:7      | 6215 ||| DROPPING potion of ambrosia.
  6342 | D:8      | 6342 ||| Stepping ~*~*~tactically~*~*~ (stealth).
  6393 | D:8      | 6393 ||| Stepping ~*~*~tactically~*~*~ (outnumbered).
  6435 | D:8      | Noticed Psyche
  6452 | D:8      | 6452 ||| INVOKING Fiery Armour.
  6459 | D:8      | Noticed Grum
  6465 | D:8      | Killed Psyche
  6480 | D:8      | Reached XP level 11. HP: 58/102 MP: 11/11
  6486 | D:8      | Killed Grum
  6531 | D:8      | Found a blossoming altar of Fedhas.
  6556 | D:8      | 6556 ||| DRINKING 2 potions of curing.
  6556 | D:8      | 6556 ||| (to cure confusion)
  6560 | D:8      | 6560 ||| Stepping randomly (disturbance).
  6606 | D:8      | 6606 ||| Stepping ~*~*~tactically~*~*~ (stealth).
  6608 | D:8      | 6608 ||| Stepping ~*~*~tactically~*~*~ (stealth).
  6624 | D:8      | Found a flagged portal.
  6808 | D:8      | 6808 ||| UPGRADING to +0 cloak.
  6813 | D:8      | 6813 ||| UPGRADING to +2 robe of resistance.
  6823 | D:8      | 6823 ||| DROPPING +2 robe of fire resistance.
  6824 | D:8      | 6824 ||| READING 2 scrolls of enchant armour.
  6824 | D:8      | 6824 ||| ENCHANTING +0 cloak.
  6825 | D:8      | 6825 ||| READING scroll of enchant armour.
  6825 | D:8      | 6825 ||| ENCHANTING +1 cloak.
  6826 | D:8      | 6826 ||| UPGRADING to amulet of reflection.
  6836 | D:8      | 6836 ||| DROPPING amulet of regeneration.
  6837 | D:8      | 6837 ||| DRINKING 3 pink potions.
  6838 | D:8      | 6838 ||| DRINKING 2 glowing amethyst potions.
  6838 | D:8      | Gained mutation: You have large cloven feet. [potion of
                  | mutation]
  6838 | D:8      | Gained mutation: You occasionally lose the ability to read
                  | scrolls when taking damage. [potion of mutation]
  6838 | D:8      | Gained mutation: Your spells are a little harder to cast,
                  | but a little more powerful. [potion of mutation]
  6839 | D:8      | 6839 ||| DRINKING potion of mutation.
  6839 | D:8      | Lost mutation: You occasionally lose the ability to read
                  | scrolls when taking damage. [potion of mutation]
  6839 | D:8      | Lost mutation: Your spells are a little harder to cast, but
                  | a little more powerful. [potion of mutation]
  6839 | D:8      | Gained mutation: Your body sometimes deteriorates upon
                  | taking damage. [potion of mutation]
  6840 | D:8      | 6840 ||| DROPPING 2 potions of magic.
  6891 | D:9      | 6891 ||| Stepping ~*~*~tactically~*~*~ (hiding).
  6895 | D:9      | 6895 ||| Stepping ~*~*~tactically~*~*~ (hiding).
  6898 | D:9      | 6898 ||| Stepping ~*~*~tactically~*~*~ (hiding).
  6901 | D:9      | 6901 ||| Stepping ~*~*~tactically~*~*~ (outnumbered).
  6902 | D:9      | 6902 ||| Stepping ~*~*~tactically~*~*~ (outnumbered).
  6908 | D:9      | 6908 ||| Stepping ~*~*~tactically~*~*~ (outnumbered).
  6914 | D:9      | Found a hide-covered altar of Uskayaw.
  6915 | D:9      | 6915 ||| Stepping ~*~*~tactically~*~*~ (hiding).
  6921 | D:9      | 6921 ||| Stepping ~*~*~tactically~*~*~ (outnumbered).
  6934 | D:9      | Found Exaddai's Book Shoppe.
  7018 | D:9      | 7018 ||| Stepping ~*~*~tactically~*~*~ (stealth).
  7026 | D:9      | 7026 ||| Stepping ~*~*~tactically~*~*~ (stealth).
  7028 | D:9      | 7028 ||| Stepping ~*~*~tactically~*~*~ (hiding).
  7035 | D:9      | 7035 ||| INVOKING Fiery Armour.
  7086 | D:9      | 7086 ||| Stepping ~*~*~tactically~*~*~ (stealth).
  7152 | D:9      | Found a staircase to the Orcish Mines.
  7291 | D:9      | 7291 ||| Stepping ~*~*~tactically~*~*~ (hiding).
  7295 | D:9      | 7295 ||| INVOKING Fiery Armour.
  7426 | D:9      | 7426 ||| DROPPING +0 steam dragon scales.
  7427 | D:9      | 7427 ||| DRINKING 2 sapphire potions.
  7450 | D:9      | 7450 ||| READING 3 scrolls of identify.
  7450 | D:9      | 7450 ||| IDENTIFYING yellow potion
  7451 | D:9      | 7451 ||| READING 2 scrolls of identify.
  7451 | D:9      | 7451 ||| IDENTIFYING orange potion
  7452 | D:9      | 7452 ||| DROPPING potion of lignification.
  7453 | D:9      | 7453 ||| DROPPING potion of degeneration.
  7454 | D:9      | 7454 ||| DROPPING potion of flight.
  7472 | D:10     | Entered Level 10 of the Dungeon
  7522 | D:10     | Noticed a two-headed ogre
  7522 | D:10     | 7522 ||| Stepping ~*~*~tactically~*~*~ (stealth).
  7524 | D:10     | 7524 ||| INVOKING Fiery Armour.
  7526 | D:10     | 7526 ||| Stepping ~*~*~tactically~*~*~ (stealth).
  7532 | D:10     | 7532 ||| Stepping ~*~*~tactically~*~*~ (outnumbered).
  7534 | D:10     | Killed a two-headed ogre
  7535 | D:10     | Reached skill level 13 in Unarmed Combat
  7537 | D:10     | 7537 ||| Stepping ~*~*~tactically~*~*~ (outnumbered).
  7538 | D:10     | 7538 ||| Stepping ~*~*~tactically~*~*~ (outnumbered).
  7539 | D:10     | 7539 ||| Stepping ~*~*~tactically~*~*~ (outnumbered).
  7540 | D:10     | 7540 ||| Stepping ~*~*~tactically~*~*~ (outnumbered).
  7541 | D:10     | 7541 ||| Stepping ~*~*~tactically~*~*~ (outnumbered).
  7543 | D:10     | 7543 ||| Stepping ~*~*~tactically~*~*~ (outnumbered).
  7566 | D:10     | 7566 ||| Stepping ~*~*~tactically~*~*~ (stealth).
  7572 | D:10     | 7572 ||| Stepping ~*~*~tactically~*~*~ (outnumbered).
  7574 | D:10     | 7574 ||| Stepping ~*~*~tactically~*~*~ (outnumbered).
  7579 | D:10     | Reached skill level 1 in Armour
  7595 | D:10     | Found a staircase to the Lair.
  7596 | D:10     | 7596 ||| PLANNING CONVERSION TO OKAWARU
  7695 | D:7      | 7695 ||| Stepping ~*~*~tactically~*~*~ (hiding).
  7713 | D:7      | 7713 ||| Stepping ~*~*~tactically~*~*~ (stealth).
  7803 | D:4      | Fell from the grace of Ignis
  7803 | D:4      | Became a worshipper of Warmaster Okawaru
  7804 | D:4      | 7804 ||| PLANNING LAIR
  7804 | D:4      | 7804 ||| DROPPING +0 troll leather armour.
  7960 | Lair:1   | Entered Level 1 of the Lair of Beasts
  7960 | Lair:1   | Noticed a six-headed hydra
  7967 | Lair:1   | HP: 24/102 [ten-headed hydra (9)]
  7967 | Lair:1   | HP: 4/102 [ten-headed hydra (8)]
  7968 | Lair:1   | 7968 ||| READING 2 scrolls of teleportation.
  7968 | Lair:1   | Slain by a ten-headed hydra

Levels and vault maps discovered:
D:1:      minmay_arrival_stair_chambers, layout_rooms,
          dreamdust_ecumenical_altar_angels_and_demons
D:2:      layout_basic, uniq_robin
D:3:      layout_rooms, mainiacjoe_overflow_alcove_4
D:4:      layout_cave_pods, okawaru_ov_weapons_minmay,
          nicolae_overflow_hidden_temple
D:5:      layout_rooms, kennysheep_little_box, kennysheep_doodads,
          mrwooster_statue_mirror
D:6:      minmay_flawed_box, layout_gridville, mainiacjoe_overflow_alcove_2,
          minmay_temple_entry_statues_pillars, uniq_duvessa
D:7:      minmay_the_grid_octo_tiled_squarecenter
          [minmay_the_grid_octo_fat_diamond, minmay_the_grid_octo_teeth,
          minmay_the_grid_octo_vomiting_pacman, minmay_the_grid_octo_focus,
          minmay_the_grid_square_5x5_megaprize_crossed,
          minmay_the_grid_square_5x5_longway, minmay_the_grid_square_5x5_bridge,
          minmay_the_grid_square_5x5_shrine1, minmay_the_grid_square_5x5_plus],
          layout_loops_corners, makhleb_blood_cavern_becter, old_standard_altar,
          uniq_prince_ribbit1, uniq_pikel, uniq_menkaure
D:8:      layout_cave_pools, mainiacjoe_overflow_chevrons, enter_bailey_3,
          uniq_grum, uniq_psyche
D:9:      layout_rooms, overflow_temple_1_default, orc_0_dummy, serial_shops,
          shop
D:10:     layout_basic, due_lair_maze_entry_diamond, minmay_misc_feat_encased
Lair:1:   layout_misc_corridors, grunt_megastairs_2, uniq_urug

Skill      XL: |  1  2  3  4  5  6  7  8  9 10 11 |
---------------+----------------------------------+-----
Unarmed Combat | 4 6 7 9 10 12 13 | 13.2
Shields        | 2 5 6 8 9 |  9.4
Fighting       | 3 5 |  5.1
Throwing       | 3 5 |  5.0
Dodging        | 1 |  1.7
Armour         | 1 |  1.1
Spellcasting   | |  1.0
Fire Magic     | |  2.1

Action                   |  1- 3 |  4- 6 |  7- 9 | 10-12 || total
-------------------------+-------+-------+-------+-------++-------
Melee: Unarmed           |   102 |   107 |   247 |   333 ||   789
       Punch             |     2 |     1 |       |       ||     3
       Kick              |       |       |       |    34 ||    34
Throw: Boomerang         |       |     8 |    38 |    44 ||    90
       Large rock        |       |       |       |    10 ||    10
Invok: Fiery Armour      |     1 |       |     6 |     6 ||    13
  Use: Scroll            |     9 |     5 |     4 |     6 ||    24
       Potion            |       |       |     3 |     7 ||    10
 Stab: Confused          |       |       |       |     1 ||     1
Armor: Robe              |    42 |    37 |   115 |   109 ||   303
       Skin              |       |       |       |    16 ||    16
Dodge: Dodged            |    38 |    40 |    53 |   103 ||   234
Block: Kite shield       |       |     4 |    87 |   186 ||   277
       Reflection        |       |       |       |     4 ||     4

Table legend:
 A = Non-vault XP
 B = Vault XP
 C = Vault XP percentage of total XP
 D = Non-vault monster count
 E = Vault monster count
 F = Vault count percentage of total count
                 A         B        C        D         E       F
            +---------+---------+-------+---------+---------+-------
      Total |    8392 |    8482 |  50.3 |     194 |      69 |  26.2
            +---------+---------+-------+---------+---------+-------
        D:1 |      37 |       0 |   0.0 |      21 |       0 |   0.0
        D:2 |      11 |      27 |  71.1 |       7 |       7 |  50.0
        D:3 |      56 |       0 |   0.0 |      20 |       0 |   0.0
        D:4 |     595 |       0 |   0.0 |      27 |       0 |   0.0
        D:5 |     265 |       0 |   0.0 |       4 |       0 |   0.0
        D:6 |    1047 |     458 |  30.4 |      20 |       9 |  31.0
        D:7 |    1068 |    6073 |  85.0 |      24 |      35 |  59.3
        D:8 |     991 |     762 |  43.5 |      23 |       8 |  25.8
        D:9 |    2358 |       0 |   0.0 |      36 |       0 |   0.0
       D:10 |    1964 |    1162 |  37.2 |      12 |      10 |  45.5
            +---------+---------+-------+---------+---------+-------
